 Dungeon Sprint DCSS version 0.30-a0-465-g8901f6c8b5 (webtiles) character file.

Game seed: 17596962954500625138

900000 Darkkill the Unseen (level 12, -48/86 HPs)
             Began as a Gargoyle Artificer on Dec 18, 2022.
             Annihilated by a meat berserker
             ... wielding a +9 battleaxe
              (51 damage)
             ... in the Dungeon (Sprint VIII: "Arena of Blood").
             The game lasted 00:00:26 (9 turns).

Darkkill the Unseen (Gargoyle Artificer)               Turns: 9, Time: 00:00:26

Health: -48/86     AC: 13    Str: 19    XL:     12   Next: 8%
Magic:  12/12      EV: 15    Int: 14    God:
Gold:   0          SH:  0    Dex: 10    Spells: 11/11 levels left

rFire   . . .      SeeInvis .    l - +∞ Axe of Woe
rCold   . . .      Faith    .    (shield currently unavailable)
rNeg    + . .      Spirit   .    b - +0 leather armour
rPois   ∞          Reflect  .    (no helmet)
rElec   +          Harm     .    (no cloak)
rCorr   .          Rampage  .    (no gloves)
Will    .....      NoTele   +    (no boots)
Stlth   ++++++....               (no amulet)
HPRegen 0.34/turn                (no ring)
MPRegen 0.13/turn                (no ring)

@: no status effects
A: sickness immunity, AC +8, negative energy resistance 1, electricity
resistance, torment resistance 1, petrification resistance
a: no special abilities


You were in the Dungeon.
You visited 1 branch

Inventory:

Hand Weapons
 a - a +0 club
 l - the +∞ Axe of Woe (weapon)
   (You found it in the Dungeon)
Armour
 b - a +0 leather armour (worn)
Wands
 c - a wand of flame (15) (quivered)
 d - a wand of charming (15)
 e - a wand of iceblast (5)
Potions
 f - a potion of curing {@q1}
 g - a potion of heal wounds
 h - a potion of haste
 i - 2 potions of magic
 j - a potion of berserk rage


   Skills:
 + Level 14.8 Fighting
 + Level 15.0 Armour
 + Level 11.6 Dodging
 + Level 16.0 Stealth
 + Level 12.9 Evocations


You had 11 spell levels left.
You didn't know any spells.
Your spell library was empty.

Dungeon Overview and Level Annotations

Branches:
Dungeon (1/1)

Altars:
Makhleb


Innate Abilities, Weirdness & Mutations

You are immune to sickness and miasma.
Your stone body is resilient. (AC +8)
You are immune to poison.
You resist negative energy. (rN+)
You are resistant to electric shocks. (rElec)
You are resistant to unholy torment.
You are immune to petrification.


Message History

------------------------------------------------------------------------------ ------------------------------------------------------------------------------ -- -- -- The Arena Of Blood -- -- -- -- -- -- -- -- You descend into the pit of gibs and meat, -- -- The sunken abyss of the depraved, -- -- The mill of turgid gutspawn. -- -- The writhen instruments serve in adoration, -- -- Immured beneath a rotten throne. -- -- -- -- Before you lies the servitor of chaos, -- -- The cleaver, -- -- The blasphemer, -- -- The destroyer, -- -- The Axe of Woe. -- -- -- -- Vessel of Makhleb, -- -- You are the unmaker, -- -- You bring the rapture, -- -- The murmurs of the thralls rise... -- -- The theatre of blood begins. -- -- -- ------------------------------------------------------------------------------ ------------------------------------------------------------------------------ Welcome, Darkkill the Gargoyle Artificer.
Press ? for a list of commands and other information.
Found the +∞ Axe of Woe.
Found four burning altars of Makhleb.
Found a staircase leading out of the dungeon.
You hear a shout! x3
A bag of meat comes into view. It is wielding a +9 war axe.
There is a staircase leading out of the dungeon here.
You see here the +∞ Axe of Woe.
Unknown command.
l - the +∞ Axe of Woe The bag of meat shouts!
You hear a shout! x4
A meat berserker comes into view. It is wielding a +9 battleaxe.
You hear a shout! x6
l - the +∞ Axe of Woe (weapon)
A meat berserker comes into view. It is wielding a +9 battleaxe.
You hear a shout! x8
The meat berserker closely misses you.
A bag of meat comes into view. It is wielding a +9 war axe.
You hear a shout! x3
The bag of meat shouts!
You slice the meat berserker!!
You pulverise the meat berserker into a thin bloody mist.
You kill the meat berserker!
A meat berserker comes into view. It is wielding a +9 battleaxe.
You hear a shout! x6
A bag of meat comes into view. It is wielding a +9 war axe.
You hear a shout! x5
The meat berserker moves out of view.
The bag of meat moves out of view.
Your Fighting skill gained 13 levels and is now at level 14!
Your Armour skill gained 13 levels and is now at level 15!
Your Dodging skill gained 11 levels and is now at level 11!
Your Stealth skill gained 15 levels and is now at level 16!
Your Evocations skill gained 10 levels and is now at level 12!
You have reached level 2!
You have reached level 3!
Your experience leads to an increase in your attributes!
Increase (S)trength, (I)ntelligence, or (D)exterity?
You feel stronger. x2
You have reached level 4!
You feel clever.
You have reached level 5!
You have reached level 6!
You have reached level 7!
You have reached level 8!
You feel clever.
You have reached level 9!
Your experience leads to an increase in your attributes!
Increase (S)trength, (I)ntelligence, or (D)exterity?
You feel stronger. x2
You have reached level 10!
You have reached level 11!
You have reached level 12!
You feel clever.
Unknown command.
You hear a shout! x5
A bag of meat comes into view. It is wielding a +9 war axe.
You hear a shout!
The bag of meat shouts!
The meat berserker hits you with a +9 battleaxe!!!!
Ouch! That really hurt!
* * * LOW HITPOINT WARNING * * *
You hear a shout! x7
Unknown command.
Blink to where?
Press: ? - help, Q - select action, (/) - cycle Dir - move target 4 bags of meat and 3 meat berserkers come into view.
As you read the scroll of blinking, it crumbles to dust.
The bag of meat shouts! x4; The meat berserker shouts!
You hear a shout! x6
A bag of meat comes into view. It is wielding a +9 war axe. x2
The bag of meat shouts!
You hear a shout!
The bag of meat shouts!
You slice the meat berserker!!
You cleave the meat berserker in twain.
You kill the meat berserker!
You hear a shout!
The meat berserker hits you with a +9 battleaxe!!!
Ouch! That really hurt!
You die...

#_.o._# #..OO.#
...#.#
....o.O_............
......###.........#.
.###.......###......
#.......#........
#.......#........
................. ..
......O@O.#
....o....#....#
..o..oo##.. ..#
....o.# .... .
.....o ###.. .....o
. ..... #....


You could see 4 meat berserkers and 7 bags of meat.

Vanquished Creatures
  2 ogres (D)
2 creatures vanquished.

Notes
Turn   | Place    | Note
-------+----------+-------------------------------------------
     0 | D        | Found the +∞ Axe of Woe
     0 | D        | Darkkill the Gargoyle Artificer began the quest for the
                  | Orb.
     0 | D        | Reached XP level 1. HP: 12/12 MP: 1/1
     1 | D        | Noticed a bag of meat
     2 | D        | Noticed a meat berserker
     4 | D        | Noticed a meat berserker
     4 | D        | Noticed a bag of meat
     5 | D        | Killed a meat berserker
     5 | D        | Noticed a meat berserker
     5 | D        | Noticed a bag of meat
     6 | D        | Reached skill level 15 in Armour
     6 | D        | Reached skill level 16 in Stealth
     6 | D        | Reached XP level 2. HP: 34/34 MP: 2/2
     6 | D        | Reached XP level 3. HP: 39/39 MP: 3/3
     6 | D        | Reached XP level 4. HP: 44/44 MP: 4/4
     6 | D        | Reached XP level 5. HP: 49/49 MP: 5/5
     6 | D        | Reached XP level 6. HP: 55/55 MP: 6/6
     6 | D        | Reached XP level 7. HP: 60/60 MP: 7/7
     6 | D        | Reached XP level 8. HP: 65/65 MP: 8/8
     6 | D        | Reached XP level 9. HP: 70/70 MP: 9/9
     6 | D        | Reached XP level 10. HP: 76/76 MP: 10/10
     6 | D        | Reached XP level 11. HP: 80/80 MP: 11/11
     6 | D        | Reached XP level 12. HP: 86/86 MP: 12/12
     6 | D        | Noticed a bag of meat
     7 | D        | HP: 2/86 [meat berserker/+9 battleaxe (84)]
     8 | D        | Noticed a meat berserker
     8 | D        | Noticed a bag of meat
     8 | D        | Noticed a bag of meat
     8 | D        | Noticed a bag of meat
     8 | D        | Noticed a bag of meat
     8 | D        | Noticed a meat berserker
     8 | D        | Noticed a meat berserker
     8 | D        | Noticed a bag of meat
     8 | D        | Noticed a bag of meat
     9 | D        | Killed a meat berserker
     9 | D        | Annihilated by a meat berserker

Illustrated notes

Levels and vault maps discovered:
D:        meatsprint

Skill      XL: |  1 |
---------------+----+-----
Fighting       | 14 | 14.8
Armour         | 15 | 15.0
Dodging        | 11 | 11.6
Stealth        | 16 | 16.0
Evocations     | 12 | 12.9

Action                   |  1- 3 |  4- 6 |  7- 9 | 10-12 || total
-------------------------+-------+-------+-------+-------++-------
Melee: Executioner's axe |     1 |       |       |     1 ||     2
  Use: Scroll            |       |       |       |     1 ||     1
Dodge: Dodged            |     1 |       |       |       ||     1

Table legend: (Time is in decaauts)
 A = Elapsed time spent in this place.
 B = Non-inter-level travel time spent in this place.
 C = Inter-level travel time spent in this place.
 D = Time resting spent in this place.
 E = Time spent auto-exploring this place.
 F = Levels seen in this place.
 G = Mean time per level.
                   A        B        C        D        E       F      G
               +--------+--------+--------+--------+--------+-----+--------+
         Total |      9 |      9 |      0 |      0 |      0 |   1 |    9.0 |
       Dungeon |      9 |      9 |      0 |      0 |      0 |   1 |    9.0 |
               +--------+--------+--------+--------+--------+-----+--------+

Top non-repeatable levels by time:
       D: 9 daAuts

Table legend:
 A = Kills in this place as a percentage of kills in entire the game.
 B = Kills by you in this place as a percentage of kills by you in the entire game.
 C = Kills by friends in this place as a percentage of kills by friends in the entire game.
 D = Other kills in this place as a percentage of other kills in the entire game.
 E = Experience gained in this place as a percentage of experience gained in the entire game.
 F = Experience gained in this place divided by the number of levels of this place that you have seen.
                   A       B       C       D       E      F
               +-------+-------+-------+-------+-------+----------------------
         Total | 100.0 | 100.0 |   N/A |   N/A | 100.0 | 38990.0
       Dungeon | 100.0 | 100.0 |   N/A |   N/A | 100.0 | 38990.0
               +-------+-------+-------+-------+-------+----------------------
